 Dungeon Crawl Stone Soup version 0.20.1-1-g8b1a95d (webtiles) character file.

693268 letownia2 the Axe Maniac (level 27, -1/246 HPs)
             Began as a Deep Dwarf Necromancer on Dec 10, 2017.
             Was an Initiate of Gozag.
             Slain by a reaper
             ... wielding a +3 scythe of freezing
             ... summoned by a greater mummy's death curse
              (25 damage)
             ... on level 1 of the Tomb of the Ancients on Dec 11, 2017.
             The game lasted 07:15:11 (87717 turns).

letownia2 the Axe Maniac (Deep Dwarf Necromancer)  Turns: 87717, Time: 07:15:12

Health: -1/246     AC: 31    Str: 43    XL:     27
Magic:  52/54      EV: 20    Int: 29    God:    Gozag
Gold:   4296       SH:  0    Dex: 24    Spells: 9/62 levels left

rFire    + + +     SeeInvis +   a - +6 executioner's axe (chop)
rCold    + + +     Gourm    .   (shield currently unavailable)
rNeg     + + +     Faith    .   T - +4 chain mail "Piuskonk" {rC- MP+9 Str+6 Int+4}
rPois    ∞         Spirit   .   Y - -2 hat of the Alchemist {rElec rPois rF+ rC+ rN+ MR+ rMut rCorr}
rElec    +         Reflect  .   o - +2 cloak {+Inv}
rCorr    +         Harm     .   G - +0 pair of gloves of Decompression {Str+6 Dex+4 SInv}
rMut     +                      f - +0 pair of boots of Prudence {rF+ Str+6 Dex+4}
MR       +++++                  I - amulet "Henas" {Regen+ Str+4 Int+3}
Stlth    ..........             s - ring of the Briny Deep {rPois rF+ rC+ Dex+3 Slay+3}
Regen    0.0/turn               F - ring of wizardry
MPRegen  0.4/turn

@: lich-form, silence, non-regenerating, deflect missiles
A: damage resistance, heal wounds, clever 1, cold resistance 1, negative energy
resistance 1, sense surroundings 3, no regeneration
}: 3/15 runes: serpentine, slimy, silver
a: Heal Wounds, End Transformation, Renounce Religion, Evoke Invisibility


You were on level 1 of the Tomb of the Ancients.
You worshipped Gozag.
Gozag was most pleased with you.
You were not hungry.
You were a lich.
You visited 15 branches of the dungeon, and saw 56 of its levels.
You also visited: Labyrinth, Trove, Ice Cave, Volcano, Wizlab and Desolation.

You collected 37613 gold pieces.
You spent 6365 gold pieces at shops.
You paid 26952 gold pieces to Gozag.

Inventory:

Hand Weapons
 a - a +6 executioner's axe of chopping (weapon)
 b - a +8 executioner's axe of freezing
Missiles
 r - 5 throwing nets (quivered)
Armour
 f - the +0 pair of boots of Prudence (worn) {rF+ Str+6 Dex+4}
   (You bought it in a shop on level 2 of the Lair of Beasts)

   It affects your strength (+6).
   It affects your dexterity (+4).
   It protects you from fire.
 n - the +14 crystal plate armour "Bytuq Mudie" {rPois Slay+3}
   (You bought it in a shop on level 2 of the Lair of Beasts)

   It affects your accuracy and damage with ranged weapons and melee attacks
   (+3).
   It protects you from poison.
 o - a +2 cloak of invisibility (worn)
 G - the +0 pair of gloves of Decompression (worn) {Str+6 Dex+4 SInv}
   (You found it on level 3 of the Elven Halls)

   It affects your strength (+6).
   It affects your dexterity (+4).
   It lets you see invisible.
 T - the +4 chain mail "Piuskonk" (worn) {rC- MP+9 Str+6 Int+4}
   (You found it in the Desolation of Salt)

   It affects your strength (+6).
   It affects your intelligence (+4).
   It makes you vulnerable to cold.
   It affects your magic capacity (+9).
 Y - the -2 hat of the Alchemist (worn) {rElec rPois rF+ rC+ rN+ MR+ rMut rCorr}
   (You bought it in a shop on level 2 of the Lair of Beasts)

   It protects you from fire.
   It protects you from cold.
   It insulates you from electricity.
   It protects you from poison.
   It protects you from negative energy.
   It affects your resistance to hostile enchantments.
   It protects you from acid and corrosion.
   It protects you from mutation.
Magical Staves
 d - an uncursed staff of wizardry
Jewellery
 s - the ring of the Briny Deep (left hand) {rPois rF+ rC+ Dex+3 Slay+3}
   (You bought it in a shop on level 2 of the Snake Pit)

   [ring of poison resistance]

   It affects your dexterity (+3).
   It affects your accuracy and damage with ranged weapons and melee attacks
   (+3).
   It protects you from fire.
   It protects you from cold.
   It protects you from poison.
 F - a ring of wizardry (right hand)
 I - the amulet "Henas" (around neck) {Regen+ Str+4 Int+3}
   (You took it off a tengu reaver on level 2 of the Depths)

   [amulet of regeneration]

   It affects your strength (+4).
   It affects your intelligence (+3).
   It increases your rate of regeneration.
 W - the ring "Konka Sejint" {rPois MR+ Str+5 Int-4 Slay+3}
   (You found it on level 3 of the Depths)

   [ring of strength]

   It affects your strength (+5).
   It affects your intelligence (-4).
   It affects your accuracy and damage with ranged weapons and melee attacks
   (+3).
   It protects you from poison.
   It affects your resistance to hostile enchantments.
Wands
 g - a wand of acid (1/15)
 k - a wand of clouds (4/9)
 t - a wand of paralysis (2/24)
 w - a wand of digging (8/24)
 R - a wand of acid (9/15)
Scrolls
 i - 33 scrolls of identify
 l - 4 scrolls of fog
 p - 6 scrolls of holy word
 y - 3 scrolls of recharging
 B - 19 scrolls of remove curse
 C - 10 scrolls of teleportation
 H - 3 scrolls of silence
 P - 6 scrolls of summoning
 U - 5 scrolls of magic mapping
 X - 3 scrolls of blinking
Potions
 e - 22 potions of curing
 h - 6 potions of lignification
 j - a potion of berserk rage
 m - 8 potions of magic
 q - 9 potions of might
 u - 5 potions of resistance
 v - 11 potions of brilliance
 x - 4 potions of agility
 A - 2 potions of invisibility
 D - 9 potions of flight
 E - 9 potions of heal wounds
 J - 4 potions of ambrosia
 L - 7 potions of haste
 Q - 25 potions of mutation
 Z - 2 potions of cancellation
Miscellaneous
 z - a phial of floods
 K - a lamp of fire
 O - a lightning rod (4/4)
 S - 5 phantom mirrors
 V - a fan of gales
Comestibles
 c - 17 meat rations


   Skills:
 - Level 14.4 Fighting
 O Level 27 Axes
 - Level 21.4 Armour
 - Level 10.9 Dodging
 - Level 2.4 Stealth
 - Level 18.1 Spellcasting
 - Level 3.8 Conjurations
 - Level 7.3 Hexes
 - Level 10.0 Charms
 - Level 3.7 Summonings
 + Level 18.7 Necromancy
 + Level 14.3 Transmutations
 - Level 2.1 Fire Magic
 - Level 12.1 Air Magic
 - Level 2.0 Poison Magic
 - Level 7.0 Evocations


You had 9 spell levels left.
You knew the following spells:

 Your Spells              Type           Power        Failure   Level  Hunger
a - Pain                  Necr           ####         0%          1    N/A
b - Call Canine Familiar  Summ           #####...     1%          3    N/A
c - Conjure Flame         Conj/Fire      #####...     1%          3    N/A
d - Dispel Undead         Necr           ########     1%          5    N/A
e - Mephitic Cloud        Conj/Pois/Air  ######..     1%          3    N/A
f - Inner Flame           Hex/Fire       ######..     1%          3    N/A
g - Ignite Poison         Fire/Tmut/Pois ######..     1%          3    N/A
i - Silence               Hex/Air        ######....   1%          5    N/A
j - Portal Projectile     Hex/Tloc       #####.       1%          3    N/A
n - Necromutation         Tmut/Necr      ########..   9%          8    N/A
p - Poisonous Vapours     Pois/Air       ######       1%          2    N/A
r - Deflect Missiles      Chrm/Air       ######....   1%          6    N/A
s - Swiftness             Chrm/Air       ######..     1%          2    N/A
t - Shroud of Golubria    Chrm/Tloc      ######....   1%          2    N/A
v - Vampiric Draining     Necr           ########..   0%          3    N/A
z - Summon Butterflies    Summ           #####...     1%          1    N/A

Dungeon Overview and Level Annotations

Branches:
Dungeon (15/15)            Temple (1/1) D:4            Lair (6/6) D:11
 Shoals (1/4) Lair:4        Snake (4/4) Lair:4        Slime (5/5) Lair:6
    Orc (2/2) D:9             Elf (3/3) Orc:2        Vaults (5/5) D:13
  Crypt (3/3) Vaults:3       Tomb (2/3) Crypt:3      Depths (5/5) D:15
   Hell (1/1)                 Dis (0/7) Hell            Geh (1/7) Hell
    Coc (2/7) Hell            Tar (0/7) Hell
    Zot: Depths:5

Altars:
Cheibriados
Dithmenos
Elyvilon
Fedhas
Gozag
Hepliaklqana
Kikubaaqudgha
Makhleb
Nemelex Xobeh
Okawaru
Qazlal
Ru
Sif Muna
Uskayaw
Vehumet
Xom
Yredelemnul
Zin
Beogh
Jiyva

Shops:
D:4 =   D:6 [   D:10 [   Orc:1 [   Orc:2 ((=[   Elf:2 *   Elf:3 [
Lair:2 [[[[[[[[[=   Lair:4 *[   Snake:2 %*   Snake:4 %   Vaults:2 [   Hell *

Portals:
Hell: Depths:1 Depths:2 Depths:3 Depths:4 Depths:5
Pandemonium: Depths:2 Depths:3 Depths:4
Ziggurat: Depths:1

Annotations:
D:3 DIG holy whip thingy
D:4 tarantulino's ghost, novice HuFi
D:12 exclusion: oklob sapling
Snake:1 exclusion: Roxanne, Roxanne
Snake:2 Vashnia
Elf:2 2 runed doors
Vaults:3 1 exclusion
Depths:1 exclusion: ancient lich
Depths:5 1 runed door


Innate Abilities, Weirdness & Mutations

You are resistant to damage.
You can heal yourself by infusing magical energy.
You resist negative energy. (rN+)
You passively map a large area around you.
You do not regenerate.
Your mind is acute. (Int +2)
Your flesh is cold resistant. (rC+)


Message History

The reaper is distracted by the nearby gold.
The reaper hits you with a scythe of freezing!!
* * * LOW HITPOINT WARNING * * *
The reaper freezes you.
Unknown command.
You chop the reaper into pieces!!!
The reaper is heavily wounded.
Unknown command.
You completely miss the reaper.
The reaper is heavily wounded.
The reaper barely misses you.
Unknown command.
You hit the reaper but do no damage.
The reaper is heavily wounded.
Unknown command.
You closely miss the reaper.
The reaper is heavily wounded.
The reaper hits you with a scythe of freezing!!
You die...
Your body crumbles into a pile of gold.

...............#..##..........#
..###########..#..##..........#
..#...).....#..#..##..........#
..#..######.#..#..##..........#
..#..##...#.#..#..##..........#
..#..#..#.#.#..#..##..........#
..#..#..#^..#..#..##..........#
..#..########..#2.##..........#
..#............#L.##..........#
..#............#..##..........#
..##############..##..........#
...............#..##..........#
...............#..##..........#
..###########..#..##..........#
..#^..#...#.#..#..##..........#
..#.#...#...#..#..##..).......#
..#.#########..#..##..........#


You could see a reaper.

Vanquished Creatures
  the Royal Jelly (Slime:5)
  5 ancient liches
  A juggernaut (Depths:2)
  21 greater mummies
  A shard shrike (Coc:1)
  Bai Suzhen (Depths:3)
  Margery (Crypt:3)
  A curse toe (Crypt:3)
  2 caustic shrikes
  Geryon (Hell)
  A profane servitor (Crypt:3)
  Nikola (Snake:2)
  the Enchantress (Depths:4)
  2 bone dragons (Depths:5)
  Jory (Crypt:2)
  A mutant beast (WizLab)
  5 golden dragons
  An Ice Fiend (Coc:1)
  6 liches
  A tentacled monstrosity (Depths:2)
  Asterion (Elf:3)
  20 acid blobs
  5 titans
  The ghost of othur the Bludgeoner, an adept GrBe of Trog (Elf:2)
  A quicksilver dragon (Depths:5)
  2 deep elf blademasters (Elf:3)
  Murray (Hell)
  2 deep elf master archers (Elf:3)
  12 ancient champions
  10 sphinxes
  Frances (Snake:2)
  8 tengu reavers
  A thorn hunter (Depths:4)
  8 shadow dragons
  Donald (Slime:3)
  7 revenants
  2 storm dragons
  The ghost of Tramtrist the Warrior, an adept GrBe of Trog (Snake:4)
  14 nagarajas
  13 azure jellies
  13 frost giants
  A balrug (Depths:4)
  7 deep elf sorcerers
  2 iron dragons (Vaults:4)
  4 imperial myrmidons (Desolation)
  3 orc warlords
  Louise (Snake:3)
  11 fire giants
  Aizul (Snake:1)
  2 curse skulls
  4 deep elf elementalists (Elf:3)
  19 ghouls
  5 reapers
  15 vault wardens
  4 spriggan defenders
  A caustic shrike skeleton (Crypt:1)
  2 war gargoyles
  20 stone giants
  The ghost of p0werm0de the Spawn of Chaos, a journeyman DDFi of Makhleb (Lair:6)
  12 ironheart preservers
  3 entropy weavers
  5 black draconians (Depths:5)
  3 green draconians (Depths:5)
  21 very ugly things
  5 deep elf demonologists
  14 vampire knights
  A spark wasp (shapeshifter) (Depths:5)
  3 deep elf annihilators (Elf:3)
  A purple draconian (Depths:5)
  Azrael (Snake:2)
  A yellow draconian (Depths:5)
  6 spark wasps
  3 red draconians (Depths:5)
  3 crystal guardians (Desolation)
  9 eidola
  12 ettins
  A green death (Hell)
  17 deep elf death magi
  7 deep elf high priests
  13 fire dragons
  2 ragged hierophants (Desolation)
  19 mummy priests
  A minotaur (Lab)
  15 jiangshi
  Josephine (Snake:1)
  6 servants of whispers (Desolation)
  23 yaktaur captains
  17 great orbs of eyes
  5 death oozes (Slime:5)
  6 rakshasas
  5 hydras
  13 ice dragons
  32 vault guards
  9 peacekeepers (Desolation)
  A hell beast (Depths:4)
  A quicksilver dragon skeleton (Coc:2)
  12 spriggan air magi
  8 centaur warriors
  A hydra (shapeshifter) (Depths:2)
  44 two-headed ogres
  28 naga warriors
  11 anacondas
  A two-headed ogre (shapeshifter) (WizLab)
  14 ogre magi
  6 death knights
  2 tengu warriors
  10 deep troll shamans
  An anaconda (shapeshifter) (Elf:2)
  The ghost of HaraKiri the Nimble, a novice DsBe of Trog (Orc:1)
  11 vampire magi
  3 satyrs (Depths:4)
  9 death scarabs (Tomb:2)
  11 hell hogs
  4 deep troll earth magi
  3 orc high priests
  A shock serpent (shapeshifter) (Vaults:3)
  Urug (D:15)
  6 shock serpents
  6 spriggan berserkers
  Nergalle (Lair:4)
  7 sun demons
  23 naga sharpshooters
  26 deep elf knights
  2 fire crabs (shapeshifter)
  5 iron trolls
  2 sea snakes (Shoals:1)
  3 iron golems
  9 soul eaters
  A sixfirhy (Depths:3)
  2 salamander mystics
  A spectral catoblepas (Crypt:1)
  2 anaconda zombies
  A storm dragon zombie (Hell)
  A titan skeleton (Coc:1)
  A spark wasp zombie (Depths:2)
  12 hell knights
  5 shadow wraiths
  An unseen horror (shapeshifter) (Vaults:2)
  46 skeletal warriors
  3 unseen horrors
  A swamp dragon (Lair:6)
  2 death drakes (shapeshifter)
  3 naga ritualists (Snake:4)
  7 wizards
  32 deep trolls
  7 glowing orange brains
  16 ironbrand convokers
  A swamp dragon (shapeshifter) (D:14)
  10 flayed ghosts
  31 deep elf archers
  3 mana vipers (shapeshifter)
  An iron dragon zombie (Hell)
  A lindwurm (Lair:6)
  A harpy (shapeshifter) (Vaults:1)
  12 necromancers
  A shadow dragon zombie (Vaults:3)
  A lindwurm (shapeshifter) (Depths:2)
  An anaconda skeleton (Hell)
  25 phantasmal warriors
  19 harpies
  A fire giant zombie (Hell)
  6 cyclopes
  3 wolf spiders
  76 deep elf magi
  17 orc knights
  2 stone giant zombies
  2 salamanders (shapeshifter)
  An orc sorcerer (Vaults:2)
  5 mana vipers
  51 ugly things
  3 manticores (shapeshifter)
  6 fauns (Depths:4)
  2 frost giant zombies
  2 fauns (shapeshifter)
  4 oklob plants (Lair:2)
  12 shining eyes
  A shining eye (shapeshifter) (Depths:3)
  16 salamanders
  23 black mambas
  4 manticores
  A sphinx skeleton (Crypt:3)
  A moth of wrath (shapeshifter) (Vaults:4)
  2 stone giant skeletons
  2 human skeletons (Vaults:3)
  3 merfolk sirens
  19 vault sentinels
  Joseph (D:9)
  7 centaur zombies
  A dire elephant zombie (Crypt:3)
  2 water nymphs (Depths:4)
  A black mamba (shapeshifter) (Depths:2)
  20 naga magi
  A fire giant skeleton (Crypt:1)
  8 rust devils
  3 gargoyles
  12 guardian serpents
  4 ice statues
  2 spiny frogs (shapeshifter) (WizLab)
  5 torpor snails (Lair:6)
  3 yaktaur zombies
  A dire elephant skeleton (Crypt:1)
  16 spiny frogs
  An orange demon (Depths:3)
  2 smoke demons (Hell)
  2 yaktaurs (shapeshifter)
  7 large abominations (WizLab)
  3 rime drakes
  2 hellions
  2 komodo dragons (shapeshifter) (WizLab)
  A purple draconian zombie (Crypt:3)
  3 kobold demonologists
  A black draconian zombie (Crypt:1)
  9 komodo dragons
  68 yaktaurs
  A demonic crawler (Hell)
  21 guardian mummies
  20 freezing wraiths
  2 anaconda simulacra
  5 ice devils
  3 merfolk
  A yaktaur skeleton (Vaults:5)
  6 hydra zombies
  A queen bee (shapeshifter) (WizLab)
  5 red devils
  A pale draconian skeleton (Crypt:2)
  A queen bee (Lair:2)
  A jumping spider (Vaults:4)
  3 polar bears (shapeshifter)
  A tengu simulacrum (Vaults:2)
  22 polar bears
  10 trolls
  A troll (shapeshifter) (Vaults:4)
  5 tengu conjurers
  A minotaur skeleton (Lab)
  2 meliai (shapeshifter)
  A minotaur zombie (Crypt:3)
  A moth of wrath zombie (Crypt:2)
  A wind drake (shapeshifter) (Vaults:4)
  131 slime creatures
  A wolf spider simulacrum (Coc:2)
  14 blink frogs
  42 saltlings (Desolation)
  4 tyrant leeches (Lair:6)
  12 hornets
  4 bog bodies
  A hippogriff (shapeshifter) (WizLab)
  A guardian serpent zombie (Crypt:1)
  2 hydra skeletons
  2 ice dragon zombies
  A blink frog (shapeshifter) (Depths:4)
  3 raiju (shapeshifter) (WizLab)
  A meliai zombie (Crypt:3)
  A fire dragon zombie (Hell)
  A dream sheep (shapeshifter) (WizLab)
  3 dream sheep
  4 ettin zombies
  9 hippogriffs
  A stone giant simulacrum (Hell)
  2 alligator zombies
  A snapping turtle (Shoals:1)
  15 flying skulls
  2 redbacks
  6 water elementals
  A frost giant simulacrum (Coc:2)
  3 spriggans (Depths:2)
  7 ushabtiu (Tomb:1)
  2 alligator skeletons
  3 vampires (Crypt:3)
  A redback (shapeshifter) (Depths:2)
  15 air elementals
  6 shadows
  2 wyverns
  5 basilisks
  A fire dragon skeleton (Coc:2)
  An ice dragon skeleton (Crypt:1)
  A ynoxinul (Depths:3)
  2 spriggans (shapeshifter)
  14 wraiths
  5 golden eyes (Slime:3)
  A hog (shapeshifter) (WizLab)
  53 yaks
  14 fire elementals
  4 humans (shapeshifter)
  A golden eye (shapeshifter) (WizLab)
  2 hungry ghosts (D:12)
  16 vampire mosquitoes
  A human simulacrum (Vaults:1)
  2 harpy simulacra
  A wind drake skeleton (Crypt:2)
  Edmund (D:4)
  A tengu zombie (Hell)
  A swamp worm (shapeshifter) (Depths:2)
  2 deep troll zombies (Vaults:4)
  7 wargs
  82 nagas
  A naga (shapeshifter) (WizLab)
  An infernal demonspawn zombie (Crypt:3)
  3 acid dragons (Lair:6)
  6 porcupines
  A soldier ant (shapeshifter) (Vaults:3)
  A floating eye (shapeshifter) (Depths:2)
  4 floating eyes (WizLab)
  6 hell hounds
  A spiny frog zombie (Coc:2)
  A water moccasin (shapeshifter) (Depths:2)
  A hydra simulacrum (Hell)
  14 water moccasins
  2 hornet zombies
  A merfolk skeleton (Crypt:2)
  A torturous demonspawn skeleton (Crypt:1)
  A snapping turtle zombie (Coc:2)
  4 eyes of draining (shapeshifter)
  6 ice beasts
  4 sky beasts
  57 orc warriors
  An ettin simulacrum (Vaults:5)
  6 small abominations (WizLab)
  2 black bears (shapeshifter)
  A fire dragon simulacrum (Elf:1)
  4 phantoms
  2 swamp drakes (Lair:6)
  2 human zombies
  42 ogres
  10 necrophages
  7 eyes of draining
  An ogre (shapeshifter) (Depths:4)
  2 black mamba simulacra (Elf:1)
  46 wolves
  20 boggarts
  12 centaurs
  A dream sheep skeleton (Crypt:3)
  A hog zombie (Crypt:2)
  12 crocodiles
  3 elf zombies
  5 big kobolds
  19 bullfrogs
  A komodo dragon zombie (Crypt:2)
  A rime drake skeleton (Crypt:2)
  2 gnoll sergeants
  A glowing shapeshifter simulacrum (Vaults:1)
  6 earth elementals
  A spiny frog simulacrum (Hell)
  A wyvern zombie (D:14)
  A wyvern skeleton (D:10)
  An elephant simulacrum (Elf:1)
  A scorpion (D:5)
  An elf simulacrum (Vaults:4)
  A warg skeleton (Crypt:1)
  33 killer bees
  7 wights
  A manticore simulacrum (Crypt:1)
  2 spriggan zombies
  An electric eel (Lair:6)
  4 howler monkeys
  10 crimson imps
  4 bullfrog zombies
  7 jellies
  8 hounds
  Crazy Yiuf (D:7)
  29 orc priests
  3 centaur skeletons
  A bullfrog skeleton (D:11)
  3 iguanas
  23 orc wizards
  5 hell rats
  12 worker ants
  An acid dragon zombie (Crypt:1)
  A felid skeleton (Crypt:1)
  A naga skeleton (Crypt:3)
  An acid dragon skeleton (Crypt:1)
  A hound skeleton (D:8)
  40 mummies
  A howler monkey zombie (Crypt:1)
  3 worker ant zombies (D:7)
  19 gnolls
  19 adders
  2 naga simulacra (Elf:1)
  A shadow imp (D:6)
  2 oozes
  A worm zombie (Crypt:2)
  An adder zombie (D:7)
  A worm (D:4)
  A worm (shapeshifter) (WizLab)
  3 dart slugs
  5 leopard geckos
  141 orcs
  3 giant cockroaches
  9 goblins
  A hobgoblin (shapeshifter) (Depths:2)
  16 hobgoblins
  15 jackals
  22 kobolds
  9 quokkas
  5 ball pythons
  8 frilled lizards
  A jackal skeleton (D:4)
  A kobold skeleton (Crypt:3)
  2 leopard gecko zombies
  A quokka skeleton (D:3)
  4 rats
  A spectral orc (D:4)
  9 bushes (Depths:5)
  4 fungi
  18 plants
3054 creatures vanquished.

Vanquished Creatures (collateral kills)
  A two-headed ogre (D:13)
1 creature vanquished.

Vanquished Creatures (others)
  An ancient champion (Tomb:2)
  A sphinx (Tomb:1)
  11 dancing weapons
  A deep elf knight (Elf:3)
  A naga sharpshooter (Snake:1)
  A skeletal warrior (Tomb:2)
  A black mamba (Snake:2)
  A naga mage (Snake:2)
  A yaktaur (Vaults:5)
  A guardian mummy (Tomb:2)
  A jumping spider (shapeshifter) (Depths:5)
  An ice beast (shapeshifter) (Vaults:2)
  A wyvern zombie (D:8)
  5 mummies
  16 bushes
  7 fungi
  37 plants
88 creatures vanquished.

Grand Total: 3143 creatures vanquished

Notes
Turn   | Place    | Note
-------+----------+-------------------------------------------
     0 | D:1      | letownia2 the Deep Dwarf Necromancer began the quest for the Orb.
     0 | D:1      | Reached XP level 1. HP: 15/15 MP: 3/3
   346 | D:2      | Reached XP level 2. HP: 20/22 MP: 0/5
   739 | D:3      | Noticed an angel
   740 | D:3      | Found a glowing silver altar of Zin.
   762 | D:3      | Reached skill level 5 in Necromancy
   796 | D:3      | Found a runed door.
   838 | D:3      | Reached XP level 3. HP: 7/28 MP: 2/6
   843 | D:3      | Learned a level 3 spell: Vampiric Draining
   967 | D:3      | Found a shimmering altar of Xom.
  1108 | D:4      | Noticed Edmund
  1375 | D:4      | Killed Edmund
  1375 | D:4      | Reached XP level 4. HP: 24/36 MP: 0/7
  1375 | D:4      | Reached XP level 5. HP: 28/42 MP: 0/8
  1436 | D:4      | Found Zumom's Jewellery Boutique.
  1458 | D:4      | Found a basalt altar of Yredelemnul.
  1577 | D:4      | Noticed tarantulino's ghost (novice HuFi)
  1883 | D:4      | Found a snail-covered altar of Cheibriados.
  1915 | D:4      | Found a staircase to the Ecumenical Temple.
  1921 | Temple   | Entered the Ecumenical Temple
  1937 | Temple   | Became a worshipper of Gozag Ym Sagoz the Greedy
  2012 | D:4      | Got a slimy dagger
  2013 | D:4      | Identified the +8 dagger of Xafuachea {venom, +Fly rElec} (You found it on level 4 of the Dungeon)
  2299 | D:4      | Noticed a phantom
  2435 | D:2      | Reached XP level 6. HP: 26/49 MP: 10/10
  3536 | D:3      | Found a glowing silver altar of Zin.
  3620 | D:3      | Reached skill level 1 in Fighting
  3923 | D:3      | Reached XP level 7. HP: 31/57 MP: 1/12
  4042 | D:3      | Found a faded altar of an unknown god.
  4425 | D:5      | Entered Level 5 of the Dungeon
  4714 | D:5      | Found a burning altar of Makhleb.
  5211 | D:4      | Reached skill level 5 in Spellcasting
  5609 | D:6      | Reached XP level 8. HP: 56/67 MP: 16/16
  6405 | D:7      | Found an iron altar of Okawaru.
  6440 | D:7      | Found an opulent altar of Gozag.
  6591 | D:7      | Noticed a hippogriff
  6597 | D:7      | Killed a hippogriff
  6613 | D:7      | Found a runed door.
  6669 | D:7      | Noticed Crazy Yiuf
  6674 | D:7      | Killed Crazy Yiuf
  6823 | D:7      | Gained mutation: You passively map the area around you. [Deep Dwarf growth]
  6823 | D:7      | Reached XP level 9. HP: 61/76 MP: 20/20
  6929 | D:7      | Found a blossoming altar of Fedhas.
  7045 | D:8      | Found a roughly hewn altar of Beogh.
  7046 | D:8      | Identified the Compendium of the Helpful Snowflakes
  7111 | D:7      | Learned a level 2 spell: Swiftness
  7118 | D:7      | Learned a level 6 spell: Deflect Missiles
  7188 | D:8      | Found a deep blue altar of Sif Muna.
  7231 | D:8      | Noticed a hand axe
  7232 | D:8      | Noticed a dagger
  7301 | D:8      | Found a hide-covered altar of Uskayaw.
  7390 | D:8      | Reached skill level 1 in Armour
  7627 | D:8      | Got an opalescent robe
  7664 | D:8      | Found a radiant altar of Vehumet.
  7781 | D:8      | Found a deep blue altar of Sif Muna.
  7818 | D:8      | Identified the +0 robe "Rol Boq" {Int+4} (You found it on level 8 of the Dungeon)
  7831 | D:8      | Identified Sif Muna's Incunabulum of Transmutation
  8092 | D:9      | Noticed a two-headed ogre
  8120 | D:9      | Noticed a two-headed ogre
  8141 | D:9      | Killed a two-headed ogre
  8141 | D:9      | Reached skill level 10 in Necromancy
  8141 | D:9      | Reached XP level 10. HP: 66/87 MP: 14/22
  8166 | D:9      | Noticed Joseph
  8181 | D:9      | Killed Joseph
  8315 | D:9      | Learned a level 1 spell: Summon Butterflies
  8521 | D:9      | Found an ancient bone altar of Kikubaaqudgha.
  8564 | D:9      | Found a hazy altar of Hepliaklqana.
  8974 | D:10     | Entered Level 10 of the Dungeon
  9130 | D:10     | Reached skill level 1 in Summonings
  9140 | D:10     | Reached skill level 1 in Evocations
  9467 | D:10     | Reached skill level 1 in Air Magic
  9474 | D:10     | Reached skill level 1 in Charms
  9618 | D:10     | Reached skill level 5 in Fighting
  9902 | D:9      | Found a staircase to the Orcish Mines.
 10037 | Orc:1    | Entered Level 1 of the Orcish Mines
 10109 | D:9      | Reached XP level 11. HP: 72/96 MP: 2/23
 10368 | Orc:1    | Noticed a stone giant
 10440 | D:11     | Noticed a two-headed ogre
 10460 | D:11     | Killed a two-headed ogre
 10460 | D:11     | Reached skill level 5 in Armour
 10520 | D:11     | Found a labyrinth entrance.
 10540 | Lab      | Entered a labyrinth
 12497 | Lab      | Noticed a minotaur
 12523 | Lab      | Killed a minotaur
 12526 | Lab      | Got a smoking scale mail
 12537 | Lab      | Identified the +4 scale mail of the Forgotten Coins {rPois} (You took it off a minotaur in a labyrinth)
 12594 | D:11     | Reached skill level 1 in Axes
 12696 | D:11     | Noticed a green ugly thing
 12705 | D:11     | Killed a green ugly thing
 12705 | D:11     | Reached skill level 2 in Axes
 12722 | D:11     | Found a staircase to the Lair.
 12897 | D:11     | Got a translucent spear
 12898 | D:11     | Identified the +7 spear "Sowill" {flame, rPois rN++ Str-2} (You found it on level 11 of the Dungeon)
 13098 | D:11     | Reached skill level 3 in Axes
 13121 | D:11     | Reached skill level 4 in Axes
 13445 | D:12     | Noticed a green ugly thing
 13459 | D:12     | Killed a green ugly thing
 13459 | D:12     | Reached skill level 5 in Axes
 13534 | Lair:1   | Entered Level 1 of the Lair of Beasts
 13640 | Lair:1   | Reached skill level 6 in Axes
 13828 | Lair:2   | Reached skill level 7 in Axes
 13872 | Lair:2   | Bought an ancient helmet for 171 gold pieces
 13877 | Lair:2   | Identified the +2 helmet "Xuangy" {rC- Int+6 Stlth+} (You bought it in a shop on level 2 of the Lair of Beasts)
 13895 | Lair:2   | Noticed an oklob plant
 13925 | Lair:2   | Reached skill level 8 in Axes
 13995 | Lair:2   | Reached XP level 12. HP: 90/104 MP: 15/24
 14052 | Lair:2   | Found a frozen archway.
 14264 | IceCv    | Entered an ice cave
 14292 | IceCv    | Reached skill level 9 in Axes
 14571 | IceCv    | Reached skill level 10 in Axes
 14845 | IceCv    | Learned a level 3 spell: Call Canine Familiar
 15292 | IceCv    | Reached skill level 11 in Axes
 15512 | IceCv    | Noticed a frost giant
 15533 | IceCv    | Killed a frost giant
 16139 | D:9      | HP: 4/104 [stone giant (29)]
 16142 | D:9      | Killed a stone giant
 16142 | D:9      | Reached XP level 13. HP: 6/111 MP: 15/25
 16243 | Lair:1   | Reached skill level 12 in Axes
 17051 | Orc:1    | Found Podin's Armour Shop.
 17173 | Orc:1    | Noticed an orc warlord
 17686 | D:9      | Killed an orc warlord
 17891 | Orc:1    | Noticed HaraKiri's ghost (novice DsBe)
 17929 | Orc:1    | Killed HaraKiri's ghost
 17929 | Orc:1    | Reached skill level 13 in Axes
 18129 | Orc:2    | Entered Level 2 of the Orcish Mines
 18759 | D:12     | Found a portal to a secret trove of treasure.
 18967 | Orc:2    | Found a staircase to the Elven Halls.
 19452 | Orc:2    | Reached skill level 14 in Axes
 19524 | Orc:2    | Gained mutation: You resist negative energy. (rN+) [Deep Dwarf growth]
 19524 | Orc:2    | Reached XP level 14. HP: 98/118 MP: 12/26
 20012 | Orc:2    | Found Murahae's Weapon Emporium.
 20012 | Orc:2    | Found Unoukegg's Antique Weapon Boutique.
 20013 | Orc:2    | Found Nexziss's Armour Shop.
 20013 | Orc:2    | Found Hodghoys's Jewellery Emporium.
 20308 | Lair:4   | Noticed Nergalle
 20326 | Lair:4   | Reached skill level 10 in Armour
 20346 | Lair:4   | Killed Nergalle
 20357 | Lair:4   | Found a staircase to the Snake Pit.
 20408 | Lair:4   | Found a dark tunnel.
 20467 | Lair:4   | Bought the cursed +0 pair of gloves "Rirrafu" {rF+} for 248 gold pieces
 20490 | Volcano  | Entered a volcano
 20522 | Volcano  | Reached skill level 15 in Axes
 21325 | Lair:4   | Found a staircase to the Shoals.
 21556 | Lair:6   | Entered Level 6 of the Lair of Beasts
 21674 | Lair:6   | Reached skill level 16 in Axes
 21742 | Lair:6   | Noticed p0werm0de's ghost (journeyman DDFi)
 22230 | Lair:6   | Found a runed door.
 22303 | Lair:6   | Reached XP level 15. HP: 60/126 MP: 23/27
 22600 | Lair:6   | Learned a level 2 spell: Poisonous Vapours
 22604 | Lair:6   | Learned a level 3 spell: Conjure Flame
 22608 | Lair:6   | Learned a level 3 spell: Mephitic Cloud
 22793 | Lair:6   | Reached skill level 1 in Poison Magic
 23122 | D:14     | Reached skill level 1 in Conjurations
 23123 | D:14     | Reached skill level 1 in Fire Magic
 23741 | D:14     | Got a twisted rapier
 23742 | D:14     | Identified the cursed +3 rapier "Fyet" {freeze, *Slow rF+ MR++ Int+4} (You found it on level 14 of the Dungeon)
 23751 | D:15     | Entered Level 15 of the Dungeon
 24000 | D:15     | Noticed Urug
 24010 | D:15     | Killed Urug
 24112 | D:15     | Found a staircase to the Depths.
 24366 | D:15     | Found a basalt altar of Yredelemnul.
 24852 | Snake:1  | Entered Level 1 of the Snake Pit
 24862 | Snake:1  | Noticed Josephine
 25209 | Snake:1  | Reached skill level 17 in Axes
 25216 | Snake:1  | Killed Josephine
 25311 | Snake:1  | Noticed Aizul
 25334 | Snake:1  | Killed Aizul
 25552 | Snake:1  | Noticed Roxanne
 26011 | Snake:1  | Reached XP level 16. HP: 78/133 MP: 3/29
 26647 | Snake:2  | Noticed Nikola
 26681 | Snake:2  | Killed Nikola
 26834 | Snake:2  | Found a basalt altar of Yredelemnul.
 26918 | Snake:2  | Found Eris Heb's Food Emporium.
 26936 | Snake:2  | Found Yrebrera's Assorted Antiques.
 26959 | Snake:2  | Bought a bound jade ring for 155 gold pieces
 26959 | Snake:2  | Bought a scroll labeled NEAWOV IRPHO for 31 gold pieces
 26960 | Snake:2  | Identified the ring of the Briny Deep {rPois rF+ rC+ Dex+3 Slay+3} (You bought it in a shop on level 2 of the Snake Pit)
 27237 | Snake:2  | Noticed Azrael
 27246 | Snake:2  | Killed Azrael
 27254 | Snake:2  | Noticed Frances
 27277 | Snake:2  | Killed Frances
 27277 | Snake:2  | Reached skill level 18 in Axes
 27589 | Snake:2  | Noticed Vashnia
 27777 | Snake:3  | Noticed Louise
 27795 | Snake:3  | Killed Louise
 29534 | Snake:4  | Entered Level 4 of the Snake Pit
 30547 | D:13     | Found a gate to the Vaults.
 30556 | D:13     | Reached skill level 19 in Axes
 30570 | D:13     | Found a sacrificial altar of Ru.
 30811 | Lair:2   | Identified the Grimoire of the Asp
 30826 | Lair:2   | Got a scorched hand crossbow
 30857 | Lair:2   | Identified the +4 hand crossbow of Dissatisfaction {elec, Stlth+} (You found it on level 2 of the Lair of Beasts)
 31342 | Snake:4  | Reached XP level 17. HP: 103/146 MP: 23/30
 31598 | Snake:4  | Found Tableil's Food Boutique.
 32560 | Snake:4  | Reached skill level 5 in Evocations
 32762 | Snake:4  | Noticed Tramtrist's ghost (adept GrBe)
 32796 | Snake:4  | Killed Tramtrist's ghost
 34582 | Snake:4  | Reached skill level 20 in Axes
 34768 | Snake:4  | Reached skill level 10 in Fighting
 35601 | Snake:4  | Gained mutation: You passively map a large area around you. [Deep Dwarf growth]
 35601 | Snake:4  | Reached XP level 18. HP: 114/163 MP: 1/31
 35743 | Snake:4  | Reached skill level 10 in Spellcasting
 35818 | Snake:4  | Got a serpentine rune of Zot
 36083 | Lair:2   | Bought a distressingly furry crystal plate armour for 2890 gold pieces
 36093 | Lair:2   | Identified the +14 crystal plate armour "Bytuq Mudie" {rPois Slay+3} (You bought it in a shop on level 2 of the Lair of Beasts)
 36221 | Vaults:1 | Entered Level 1 of the Vaults
 36398 | Vaults:1 | Reached skill level 15 in Necromancy
 36532 | Vaults:1 | Found a ruined gateway.
 36575 | Desolati | Entered the Desolation of Salt
 37356 | Desolati | Reached skill level 15 in Armour
 37419 | Desolati | Got a steaming chain mail
 37471 | Desolati | Identified the +4 chain mail "Piuskonk" {rC- MP+9 Str+6 Int+4} (You found it in the Desolation of Salt)
 37490 | Desolati | Got an encrusted rapier
 37491 | Desolati | Identified the +7 rapier "Anirgheh" {freeze, rElec Str+3} (You found it in the Desolation of Salt)
 37670 | Desolati | Identified the Compendium of Snow
 37676 | Desolati | Identified the Almanac of Unstable Necromancy
 37827 | Desolati | Identified the ring of Xom's Best Wishes {rCorr rC+ MR+} (You found it in the Desolation of Salt)
 37843 | Desolati | Got a dazzling flail
 37844 | Desolati | Identified the +3 flail of Immorality {flame, Dex+2} (You found it in the Desolation of Salt)
 37880 | Desolati | Identified a scroll of acquirement
 38322 | Elf:1    | Entered Level 1 of the Elven Halls
 38842 | Elf:1    | Reached XP level 19. HP: 115/175 MP: 22/34
 39310 | Elf:1    | Identified the Collected Works on the Frostbite
 39578 | Elf:1    | Got an ebony trident
 39579 | Elf:1    | Identified the +8 trident of the Pharaoh's Fist {flame, SInv} (You found it on level 1 of the Elven Halls)
 39874 | Elf:2    | Noticed othur's ghost (adept GrBe)
 40153 | Elf:2    | Found Fecwev's Assorted Antiques.
 40336 | Elf:2    | Found a runed door.
 40377 | Elf:2    | Reached skill level 21 in Axes
 40493 | Elf:2    | Found a runed door.
 41404 | Elf:2    | Killed othur's ghost
 42524 | Vaults:2 | Reached skill level 5 in Dodging
 42676 | Vaults:2 | Found Vuj Giz's Armour Emporium.
 42907 | Vaults:2 | Reached XP level 20. HP: 179/184 MP: 14/35
 44198 | Lair:2   | Bought the -2 hat of the Alchemist {rElec rPois rF+ rC+ rN+ MR+ rMut rCorr} for 2076 gold pieces
 45365 | Vaults:3 | Found a staircase to the Crypt.
 45365 | Vaults:3 | Found an ancient bone altar of Kikubaaqudgha.
 45366 | Vaults:3 | Found a basalt altar of Yredelemnul.
 45843 | Vaults:3 | Reached skill level 22 in Axes
 45980 | Crypt:1  | Entered Level 1 of the Crypt
 46480 | Crypt:1  | Found a deep blue altar of Sif Muna.
 46531 | Crypt:1  | Got a wavering lead amulet
 46657 | Crypt:1  | Identified the amulet of Satisfaction {RegenMP SInv} (You took it off a vampire mage on level 1 of the Crypt)
 46711 | Crypt:1  | Got a pearl-encrusted scale mail
 46725 | Crypt:1  | Identified the cursed +0 scale mail "Vuoxtun" {Regen+} (You found it on level 1 of the Crypt)
 46847 | Crypt:1  | Reached XP level 21. HP: 126/194 MP: 36/36
 46998 | Vaults:3 | Reached skill level 23 in Axes
 47741 | Crypt:2  | Noticed Jory
 47806 | Crypt:2  | Found a magical portal.
 47811 | WizLab   | Entered Cigotuvi's Fleshworks
 48149 | WizLab   | Paralysed by a floating eye for 2 turns
 48484 | WizLab   | Identified Cigotuvi's Catalogue of Unholy Transformation
 48487 | WizLab   | Identified Sif Muna's Tome of Moulding
 48495 | WizLab   | Identified Zuoqao's Incunabulum of Changing
 48646 | WizLab   | Paralysed by a floating eye for 3 turns
 48721 | WizLab   | Got a scorched lead amulet
 48725 | WizLab   | Identified the amulet of Uroim {RegenMP +Fly} (You found it in a wizard's laboratory)
 48883 | Crypt:2  | Reached skill level 24 in Axes
 49136 | Crypt:2  | Found a transporter.
 49405 | Lair:2   | Learned a level 5 spell: Dispel Undead
 51215 | Crypt:2  | Killed Jory
 51437 | Crypt:2  | Found a radiant altar of Vehumet.
 51729 | Crypt:2  | Noticed an ancient lich
 51738 | Crypt:2  | Noticed an ancient lich
 51836 | Crypt:3  | Entered Level 3 of the Crypt
 52518 | Crypt:3  | Reached XP level 22. HP: 134/200 MP: 37/39
 52720 | Crypt:3  | Noticed Margery
 52738 | Crypt:3  | Killed Margery
 54489 | Crypt:3  | Noticed a curse toe
 54506 | Crypt:3  | Killed a curse toe
 54506 | Crypt:3  | Reached skill level 25 in Axes
 55194 | Crypt:3  | Found a basalt altar of Yredelemnul.
 55196 | Crypt:3  | Found an ancient bone altar of Kikubaaqudgha.
 55252 | Crypt:3  | Identified the Reference Book on Ignition
 55257 | Crypt:3  | Learned a level 3 spell: Inner Flame
 55257 | Crypt:3  | Identified the Almanac of the Eight Boll Weevils
 55401 | Crypt:3  | Found a staircase to the Tomb.
 55759 | Lair:2   | Learned a level 3 spell: Ignite Poison
 55765 | Lair:2   | Learned a level 5 spell: Silence
 55926 | Depths:1 | Entered Level 1 of the Depths
 56215 | Depths:1 | Noticed an ancient lich
 56217 | Depths:1 | Found a gateway to a ziggurat.
 56307 | Depths:1 | Found a gateway to Hell.
 56957 | Hell     | Entered the Vestibule of Hell
 56957 | Hell     | Noticed Geryon
 56960 | Hell     | Noticed Murray
 57411 | Lair:6   | Killed p0werm0de's ghost
 57529 | Lair:6   | Reached XP level 23. HP: 204/208 MP: 41/41
 57785 | Lair:6   | Found a viscous altar of Jiyva.
 57785 | Lair:6   | Found a staircase to the Slime Pits.
 57866 | Slime:1  | Entered Level 1 of the Pits of Slime
 57875 | Slime:1  | Reached skill level 5 in Air Magic
 58384 | Elf:3    | Entered Level 3 of the Elven Halls
 58547 | Elf:3    | Found Eqecen's Armour Shoppe.
 58807 | Elf:3    | Noticed Asterion
 58818 | Elf:3    | Killed Asterion
 58943 | Elf:3    | Reached skill level 15 in Spellcasting
 59001 | Elf:3    | Reached skill level 26 in Axes
 59376 | Elf:3    | Got a sparkling ivory ring
 59604 | Elf:3    | Got a flickering graven amulet
 59640 | Elf:3    | Identified the ring of the Ant {+Fly rF+} (You took it off a deep elf death mage on level 3 of the Elven Halls)
 59644 | Elf:3    | Identified the amulet "Naot" {Spirit *Slow rPois rC+++ Str+3} (You took it off a deep elf death mage on level 3 of the Elven Halls)
 59879 | Elf:3    | Got a pair of steaming gloves
 59897 | Elf:3    | Identified the +0 pair of gloves of Decompression {Str+6 Dex+4 SInv} (You found it on level 3 of the Elven Halls)
 60084 | Elf:3    | Got a brightly glowing great sword
 60085 | Elf:3    | Identified the cursed +0 great sword of Revolt {elec, *Noise Int+4} (You found it on level 3 of the Elven Halls)
 60339 | Lair:2   | Bought a pair of heavily runed boots for 332 gold pieces
 60349 | Lair:2   | Identified the cursed +0 pair of boots of Astras {rF+ Str+6 Dex-3} (You bought it in a shop on level 2 of the Lair of Beasts)
 60627 | Slime:3  | Reached skill level 1 in Hexes
 60760 | Slime:5  | Entered Level 5 of the Pits of Slime
 60885 | Slime:5  | Noticed the Royal Jelly
 61060 | Slime:3  | Noticed Donald
 61267 | Slime:3  | Killed Donald
 61502 | Slime:4  | Gained mutation: You are dopey. (Int -2) [a shining eye]
 61659 | Slime:5  | Reached XP level 24. HP: 202/215 MP: 40/42
 61712 | Slime:5  | Gained mutation: Scrolls take you a little longer to read. [a shining eye]
 61714 | Slime:5  | Gained mutation: You are weak. (Str -2) [a shining eye]
 61775 | Slime:5  | Found a viscous altar of Jiyva.
 61867 | Slime:5  | Killed the Royal Jelly
 61923 | Slime:5  | Got a slimy rune of Zot
 61948 | Slime:5  | Got a coiled lapis lazuli ring
 61949 | Slime:5  | Identified the ring "Gaer" {rC+ Dex+4} (You found it on level 5 of the Pits of Slime)
 62044 | Slime:5  | Got an ancient hand axe
 62045 | Slime:5  | Identified the +11 hand axe of Uskayaw's Delight {antimagic, Fragile Int+5} (You found it on level 5 of the Pits of Slime)
 62067 | Slime:5  | Got a faintly humming large shield
 62284 | Lair:2   | Identified the +2 large shield "Zauh" {rPois rF- Int+2} (You found it on level 5 of the Pits of Slime)
 62300 | Lair:2   | Learned a level 8 spell: Necromutation
 62894 | Depths:2 | Reached skill level 5 in Hexes
 63189 | Depths:2 | Found a one-way gate leading to the halls of Pandemonium.
 63247 | Depths:2 | Reached skill level 1 in Transmutations
 63322 | Depths:2 | Got a transparent bardiche
 63323 | Depths:2 | Identified the +3 bardiche of Innocence {drain, +Blink +Rage rC- Str-4} (You found it on level 2 of the Depths)
 63428 | Depths:2 | Noticed a juggernaut
 63436 | Depths:2 | Killed a juggernaut
 63586 | Depths:2 | Got a coiled sapphire amulet
 63589 | Depths:2 | Identified the amulet "Henas" {Regen+ Str+4 Int+3} (You took it off a tengu reaver on level 2 of the Depths)
 64317 | Depths:3 | Reached XP level 25. HP: 218/225 MP: 41/43
 64567 | Depths:3 | Got a sparkling pewter ring
 64572 | Depths:3 | Identified the ring "Konka Sejint" {rPois MR+ Str+5 Int-4 Slay+3} (You found it on level 3 of the Depths)
 64953 | Lair:2   | Bought a pair of translucent boots for 342 gold pieces
 64963 | Lair:2   | Identified the +0 pair of boots of Prudence {rF+ Str+6 Dex+4} (You bought it in a shop on level 2 of the Lair of Beasts)
 65228 | Depths:3 | Noticed Bai Suzhen
 65237 | Depths:3 | Killed Bai Suzhen
 67285 | Depths:4 | Got an ancient bronze amulet
 67398 | Depths:4 | Identified the amulet "Lofeyl" {Reflect -Tele *Drain rC+++ SH+4 Stlth+} (You took it off a spriggan berserker on level 4 of the Depths)
 67509 | Depths:4 | Reached skill level 10 in Air Magic
 67738 | Depths:4 | Noticed the Enchantress
 67757 | Depths:4 | Killed the Enchantress
 67772 | Depths:4 | Identified the +7 faerie dragon scales {+Inv MR+ rCorr Slay-2} (You took it off the Enchantress on level 4 of the Depths)
 67829 | Depths:4 | Got a pair of faintly glowing gloves
 67843 | Depths:4 | Identified the +0 pair of gloves "Begos" {*Slow rCorr Int+6 Dex+4} (You found it on level 4 of the Depths)
 67856 | Depths:4 | Got a pair of polished boots
 67867 | Depths:4 | Identified the +1 pair of boots of the Vestibule of Hell {rC+++ Regen+ MP-9 Slay-4} (You found it on level 4 of the Depths)
 68511 | Tomb:1   | Entered Level 1 of the Tomb of the Ancients
 70316 | Tomb:1   | Noticed a greater mummy
 70328 | Tomb:1   | Killed a greater mummy
 70532 | Crypt:1  | Reached XP level 26. HP: 84/229 MP: 43/43
 72339 | Tomb:1   | Noticed an ancient lich
 72351 | Tomb:1   | Killed an ancient lich
 74004 | Depths:5 | Entered Level 5 of the Depths
 74765 | Vaults:5 | Entered Level 5 of the Vaults
 75204 | Vaults:4 | Reached skill level 5 in Charms
 75547 | Vaults:5 | Noticed an ancient lich
 76669 | Vaults:5 | Lost mutation: You are weak. (Str -2) [potion of mutation]
 76669 | Vaults:5 | Lost mutation: Scrolls take you a little longer to read. [potion of mutation]
 76669 | Vaults:5 | Gained mutation: Your muscles are strong. (Str +2) [potion of mutation]
 77122 | Vaults:5 | Noticed an ancient lich
 77127 | Vaults:5 | Killed an ancient lich
 77127 | Vaults:5 | Reached XP level 27. HP: 224/232 MP: 42/44
 77159 | Vaults:5 | Killed an ancient lich
 77344 | Vaults:5 | Got a silver rune of Zot
 77642 | Vaults:5 | Reached skill level 10 in Dodging
 77736 | Vaults:5 | Identified Cowyrunn's Incunabulum of Assistive Creation
 79036 | Hell     | Killed Geryon
 79263 | D:12     | You paid a toll of the horn of Geryon to enter a treasure trove
 79264 | Trove    | Entered a treasure trove
 79272 | Trove    | Got a faintly humming helmet
 79274 | Trove    | Got a slimy tin ring
 79280 | Trove    | Got a sparkling iron amulet
 79306 | D:12     | Identified the ring of Xom's Wantonness {Fire +Inv} (You found it in a treasure trove)
 79317 | D:12     | Identified the +1 helmet of the Cuttlefish {+Blink} (You found it in a treasure trove)
 79324 | D:12     | Identified the amulet "Gapop" {RegenMP Str+8 Slay-4 Stlth+} (You found it in a treasure trove)
 79896 | Hell     | Reached skill level 10 in Charms
 79921 | Hell     | Killed Murray
 80092 | Hell     | Found a gateway to the freezing wastes of Cocytus.
 80103 | Hell     | Found a gateway to the decaying netherworld of Tartarus.
 80190 | Hell     | Found a gateway to the ashen valley of Gehenna.
 80252 | Hell     | Found a gateway to the Iron City of Dis.
 80300 | Coc:1    | Entered Level 1 of Cocytus
 80375 | Hell     | Bought a bound ruby amulet for 120 gold pieces
 80376 | Hell     | Identified the amulet of Immorality {Spirit rElec Int+3} (You bought it in a shop in the Vestibule of Hell)
 80603 | Depths:5 | Found a runed door.
 81395 | Tomb:2   | Noticed a greater mummy
 81395 | Tomb:2   | Noticed a greater mummy
 81395 | Tomb:2   | Noticed a greater mummy
 81395 | Tomb:2   | Noticed a greater mummy
 81461 | Tomb:1   | Got a bloodstained chain mail
 81472 | Tomb:1   | Identified the cursed +0 chain mail of Philately {Regen+ Str+6} (You found it on level 1 of the Tomb of the Ancients)
 82087 | Coc:2    | Reached skill level 5 in Transmutations
 82404 | Geh:1    | Entered Level 1 of Gehenna
 82911 | Crypt:2  | Killed an ancient lich
 82960 | Crypt:2  | Found a transporter.
 82987 | Crypt:2  | Killed an ancient lich
 83053 | Crypt:2  | Identified the Incunabulum of Helpful Bewitchment
 83119 | Crypt:2  | Learned a level 3 spell: Portal Projectile
 83122 | Crypt:2  | Learned a level 2 spell: Shroud of Golubria
 83608 | Shoals:1 | Entered Level 1 of the Shoals
 84425 | Tomb:1   | Lost mutation: You are dopey. (Int -2) [potion of mutation]
 84425 | Tomb:1   | Lost mutation: Your muscles are strong. (Str +2) [potion of mutation]
 84425 | Tomb:1   | Gained mutation: Your mind is acute. (Int +2) [potion of mutation]
 84425 | Tomb:1   | Gained mutation: Your flesh is cold resistant. (rC+) [potion of mutation]
 84451 | Tomb:2   | Killed a greater mummy
 84451 | Tomb:2   | Killed a greater mummy
 84451 | Tomb:2   | Reached skill level 10 in Transmutations
 84453 | Tomb:2   | Noticed a greater mummy
 84461 | Tomb:2   | Killed a greater mummy
 85736 | Tomb:2   | Killed a greater mummy
 85759 | Tomb:2   | Killed a greater mummy
 85787 | Tomb:2   | Reached skill level 27 in Axes
 87106 | Tomb:1   | Noticed a greater mummy
 87106 | Tomb:1   | Noticed a greater mummy
 87108 | Tomb:1   | Noticed a greater mummy
 87111 | Tomb:1   | Noticed a greater mummy
 87117 | Tomb:1   | Killed a greater mummy
 87118 | Tomb:1   | Killed a greater mummy
 87119 | Tomb:1   | Killed a greater mummy
 87121 | Tomb:1   | Killed a greater mummy
 87206 | Tomb:1   | Noticed a greater mummy
 87212 | Tomb:1   | Noticed a greater mummy
 87215 | Tomb:1   | Killed a greater mummy
 87222 | Tomb:1   | Killed a greater mummy
 87261 | Tomb:1   | Noticed a greater mummy
 87268 | Tomb:1   | Noticed a greater mummy
 87281 | Tomb:1   | Killed a greater mummy
 87283 | Tomb:1   | Killed a greater mummy
 87331 | Tomb:1   | Noticed a greater mummy
 87347 | Tomb:1   | Killed a greater mummy
 87375 | Tomb:1   | Noticed a greater mummy
 87395 | Tomb:1   | Killed a greater mummy
 87448 | Tomb:1   | Noticed a greater mummy
 87456 | Tomb:1   | Killed a greater mummy
 87522 | Tomb:1   | Noticed a greater mummy
 87558 | Tomb:1   | Killed a greater mummy
 87606 | Tomb:1   | Noticed a greater mummy
 87617 | Tomb:1   | Killed a greater mummy
 87682 | Tomb:1   | Noticed a greater mummy
 87685 | Tomb:1   | Noticed a greater mummy
 87695 | Tomb:1   | Killed a greater mummy
 87696 | Tomb:1   | Killed a greater mummy
 87717 | Tomb:1   | Slain by a reaper

Skill      XL: |  1  2  3  4  5  6  7  8  9 10 11 12 13 14 15 16 17 18 19 20 21 22 23 24 25 26 27 |
---------------+----------------------------------------------------------------------------------+-----
Spellcasting   | 2 3 5 7 8 9 11 13 14 15 16 17 18 | 18.1
Necromancy     | 5 6 7 8 10 11 13 14 15 16 17 18 | 18.7
Fighting       | 1 2 3 4 5 7 10 12 13 14 | 14.4
Armour         | 3 4 5 8 11 12 14 15 16 17 18 19 20 21 | 21.4
Summonings     | 2 3 |  3.7
Evocations     | 3 4 7 |  7.0
Dodging        | 3 4 5 6 8 9 10 | 10.9
Air Magic      | 1 2 4 7 8 10 11 12 | 12.1
Charms         | 1 2 8 10 | 10.0
Axes           | 8 11 14 16 17 19 20 21 22 24 25 26 27 | 27.0
Poison Magic   | 2 |  2.0
Conjurations   | 3 |  3.8
Fire Magic     | 2 |  2.1
Hexes          | 3 5 7 |  7.3
Transmutations | 3 14 | 14.3
Stealth        | |  2.4

Action                   |  1- 3 |  4- 6 |  7- 9 | 10-12 | 13-15 | 16-18 | 19-21 | 22-24 | 25-27 || total
-------------------------+-------+-------+-------+-------+-------+-------+-------+-------+-------++-------
Melee: Short sword       |    19 |       |       |       |       |       |       |       |       ||    19
       Dagger            |       |    52 |   331 |   213 |     6 |     1 |       |       |       ||   603
       Dire flail        |       |     5 |       |     1 |       |       |       |       |       ||     6
       Hand axe          |       |       |       |    16 |       |       |       |       |       ||    16
       Spear             |       |       |       |    46 |       |       |       |       |       ||    46
       Battleaxe         |       |       |       |   167 |   884 |  1015 |   928 |       |       ||  2994
       War axe           |       |       |       |    20 |       |       |       |       |       ||    20
       Executioner's axe |       |       |       |       |       |       |   527 |  1359 |  1397 ||  3283
 Fire: Arbalest          |       |       |       |       |       |    17 |       |       |       ||    17
Throw: Javelin           |       |       |       |    11 |       |       |       |       |       ||    11
       Throwing net      |       |       |       |       |     1 |       |       |       |       ||     1
 Cast: Pain              |    38 |   102 |    61 |     1 |     2 |     5 |       |       |       ||   209
       Vampiric Draining |    11 |     8 |    55 |   268 |   431 |   515 |   445 |   444 |   680 ||  2857
       Swiftness         |       |       |       |     3 |       |     1 |       |       |       ||     4
       Summon Butterflie |       |       |       |       |       |     3 |       |     5 |       ||     8
       Mephitic Cloud    |       |       |       |       |       |       |       |       |    15 ||    15
       Silence           |       |       |       |       |       |       |       |       |    23 ||    23
       Necromutation     |       |       |       |       |       |       |       |       |    18 ||    18
       Deflect Missiles  |       |       |       |       |       |       |       |       |     1 ||     1
Invok: Call Merchant     |       |       |     1 |     2 |     3 |     1 |     2 |     3 |     3 ||    15
       Potion Petition   |       |       |       |     1 |       |       |       |       |       ||     1
Evoke: Wand              |       |       |       |    38 |    11 |    23 |     4 |    13 |    18 ||   107
       Sack of spiders   |       |       |       |       |     3 |     2 |       |       |       ||     5
       Phantom mirror    |       |       |       |       |       |     1 |       |       |       ||     1
       Lightning rod     |       |       |       |       |       |       |     4 |     4 |       ||     8
       Lamp of fire      |       |       |       |       |       |       |     1 |     2 |       ||     3
       Fan of gales      |       |       |       |       |       |       |       |     1 |       ||     1
  Use: Scroll            |       |       |    11 |    21 |     3 |    14 |    18 |    16 |    16 ||    99
       Potion            |       |       |     1 |     1 |     1 |       |     2 |     4 |     5 ||    14
 Stab: Distracted        |       |     1 |       |     4 |     8 |    14 |    12 |     9 |    11 ||    59
       Sleeping          |       |       |     1 |     2 |       |       |       |       |       ||     3
       Confused          |       |       |       |       |     2 |     4 |     4 |     4 |     2 ||    16
  Eat: Bread ration      |     1 |     1 |     1 |     3 |       |     3 |     6 |     4 |     4 ||    23
       Chunk             |     1 |       |       |       |     2 |       |       |       |       ||     3
       Meat ration       |       |     1 |     1 |     1 |       |       |     2 |     4 |     5 ||    14
       Royal jelly       |       |       |     2 |     1 |    15 |     2 |     1 |     1 |    10 ||    32
       Fruit             |       |       |       |     8 |     3 |    26 |     8 |     5 |    14 ||    64
Armor: Ring mail         |    14 |    21 |   142 |   120 |       |       |       |       |       ||   297
       Robe              |     1 |       |       |       |       |       |       |       |       ||     1
       Scale mail        |       |       |       |   278 |    94 |       |       |       |       ||   372
       Plate armour      |       |       |       |       |   873 |   628 |       |       |       ||  1501
       Chain mail        |       |       |       |       |    26 |       |       |       |    73 ||    99
       Crystal plate arm |       |       |       |       |       |   366 |  1454 |  1176 |  1354 ||  4350
Dodge: Dodged            |    27 |    42 |   195 |   466 |   575 |   403 |   635 |   855 |  1401 ||  4599
       Deflected         |       |       |       |       |       |       |       |       |     2 ||     2
